 Dungeon Crawl Stone Soup version 0.30-a0-596-g0af90f9a20 (webtiles) character file.

Game seed: 9841978317461986331

991 wormed the Changer (level 8, -6/62 HPs)
             Began as an Octopode Transmuter on Jan 7, 2023.
             Killed from afar by a steam dragon (31 damage)
             ... with a ball of steam
             ... on level 7 of the Dungeon.
             The game lasted 00:07:33 (3876 turns).

wormed the Changer (Octopode Transmuter)            Turns: 3876, Time: 00:07:34

Health: -6/62      AC:  7    Str:  9    XL:     8   Next: 18%
Magic:  9/13       EV: 11    Int: 17    God:
Gold:   181        SH:  0    Dex: 13    Spells: 8/14 levels left

rFire   x . .      SeeInvis .      - Unarmed
rCold   + + +      Faith    .    (shield currently unavailable)
rNeg    . . .      Spirit   .    (helmet currently unavailable)
rPois   +          Reflect  .    (no amulet)
rElec   .          Harm     .    (no ring)
rCorr   .          Rampage  .    (no ring)
Will    .....                    (no ring)
Stlth   +                        (no ring)
HPRegen 0.30/turn                (no ring)
MPRegen 0.13/turn                (no ring)
                                 (no ring)
                                 (no ring)

@: ice-form
A: freezing attack, boosted hp, almost no armour, amphibious, 8 rings, large,
(camouflage 1), (gelatinous body 1), (nimble swimmer 1), (tentacles)
a: End Transformation


You were on level 7 of the Dungeon.
You were a creature of crystalline ice.
You visited 1 branch of the dungeon, and saw 6 of its levels.

You collected 181 gold pieces.

Inventory:

Wands
 c - a wand of charming (6)
 m - a wand of digging (5)
Scrolls
 i - 5 scrolls of teleportation
 p - a scroll of amnesia
Potions
 d - 2 potions of flight
 e - a potion of cancellation
 f - a potion of haste
 g - a potion of berserk rage
 h - a potion of heal wounds
 j - 2 potions of brilliance {unknown}
 l - 2 potions of curing {unknown}
 n - a potion of lignification


   Skills:
 + Level 3.4 Fighting
 + Level 4.0 Dodging
 + Level 4.4 Unarmed Combat
 + Level 3.6 Spellcasting
 * Level 5.2 Transmutations
 + Level 3.2 Ice Magic


You had 8 spell levels left.
You knew the following spells:

 Your Spells              Type           Power      Damage    Failure   Level
a - Ice Form              Ice/Tmut       17%        N/A       28%         4
b - Wereblood             Tmut           21%        N/A       2%          2

Your spell library contained the following spells:

 Spells                   Type           Power      Damage    Failure   Level
 Beastly Appendage        Tmut           42%        N/A       1%          1
 Apportation              Tloc           6%         N/A       16%         1
 Necrotise                Necr           12%        1d4       16%         1
 Summon Small Mammal      Summ           12%        N/A       16%         1
 Spider Form              Tmut/Pois      12%        N/A       17%         3
 Cigotuvi's Dreadful Rot  Necr/Pois/Air  6%         N/A       24%         2
 Poisonous Vapours        Pois/Air       6%         N/A       24%         2
 Mephitic Cloud           Conj/Pois/Air  3%         N/A       43%         3
 Stone Arrow              Conj/Erth      6%         3d7       43%         3
 Alistair's Intoxication  Tmut/Pois      8%         N/A       83%         5
 Lehudib's Crystal Spear  Conj/Erth      1%         10d2      100%        8
 Animate Armour           Summ/Erth      Unusable   N/A       N/A         4

Dungeon Overview and Level Annotations

Branches:
Dungeon (5/15)
 Temple: D:4-7

Altars:
Ashenzari
Trog
Wu Jian
Xom
Zin
The Shining One


Innate Abilities, Weirdness & Mutations

You are a creature of crystalline ice.
You have a powerful freezing melee attack.
Your maximum health is increased.
Your armour is entirely melded.
You are incapable of wielding weapons or throwing items.
You cannot wear most types of armour.
You are amphibious.
You can wear up to eight rings at the same time.
((Your skin changes colour to match your surroundings (Stealth+).))
((Your rubbery body absorbs attacks. (AC +1, EV +1)))
((You are camouflaged when in or above water. (Stealth+)))
((You have tentacles for arms and can constrict up to eight enemies at once.))


Message History

You now have 181 gold pieces (gained 5).
You open the door.
Found a glowing silver altar of Zin.
A steam dragon comes into view.
Casting: Ice Form (quite dangerous; 28% risk of failure)
Confirm with . or Enter, or press ? or * to list all spells.
The spell is quite dangerous to miscast (28% risk of failure)!
Continue anyway?
Okay, then.
Casting: Ice Form (quite dangerous; 28% risk of failure)
Confirm with . or Enter, or press ? or * to list all spells.
The spell is quite dangerous to miscast (28% risk of failure)!
Continue anyway?
You turn into a creature of crystalline ice.
You hear an angry hiss.
The steam dragon breathes steam at you. The ball of steam hits you!!
The steam scalds you terribly!
You barely miss the steam dragon.
You are engulfed in a cloud of scalding steam.
A necrophage comes into view.
The steam dragon bites you!
The steam dragon claws you but does no damage.
You hit the steam dragon. You freeze the steam dragon.
The steam dragon is lightly wounded.
You are engulfed in a cloud of scalding steam.
The steam dragon bites you but does no damage.
The steam dragon closely misses you.
You punch the steam dragon! You freeze the steam dragon.
The steam dragon is heavily wounded.
You are engulfed in a cloud of scalding steam.
The steam dragon barely misses you.
The steam dragon claws you but does no damage.
You punch the steam dragon! You freeze the steam dragon.
The steam dragon is severely wounded.
You are engulfed in a cloud of scalding steam.
The steam dragon misses you. The steam dragon closely misses you.
You hit the steam dragon but do no damage.
The steam dragon is severely wounded.
The steam dragon breathes steam at you. The ball of steam hits you!!
The steam scalds you terribly!
Ouch! That really hurt!
You die...

#.... #.....
##....... #.......#
######.......# .##
#............# ....#
#.#'#.)......#
#....##.#.#........#
#.DY.#.#........#
#.#..#.#........# #
#.##.##.......# n.#
..#.......# #..#
_.#.......# #..#
#.†...### #..#
##.##### #... #..#
#..#


You could see a steam dragon (catching breath) and a necrophage.

Vanquished Creatures
  A water moccasin (D:4)
  An ogre (D:5)
  A phantom (D:4)
  Blork the orc (D:4)
  A bullfrog (D:7)
  2 scorpions
  2 jellies
  2 orc priests (D:4)
  2 hounds
  An iguana (D:5)
  3 orc wizards (D:4)
  7 adders
  2 gnolls (D:1)
  An ufetubus (D:4)
  2 worms
  2 dart slugs
  17 orcs
  7 ball pythons
  2 bats
  5 endoplasms
  2 giant cockroaches
  6 hobgoblins
  2 jackals (D:3)
  12 kobolds
  5 quokkas
  A frilled lizard (D:2)
  9 goblins
  8 rats
107 creatures vanquished.

Notes
Turn   | Place    | Note
-------+----------+-------------------------------------------
     0 | D:1      | wormed the Octopode Transmuter began the quest for the Orb.
     0 | D:1      | Reached XP level 1. HP: 13/13 MP: 3/3
   125 | D:1      | Reached XP level 2. HP: 18/18 MP: 3/5
   155 | D:1      | Learned a level 2 spell: Wereblood
   420 | D:1      | Reached XP level 3. HP: 23/23 MP: 2/6
   909 | D:2      | Reached skill level 1 in Ice Magic
   909 | D:2      | Reached XP level 4. HP: 29/29 MP: 4/7
  1131 | D:2      | Reached skill level 3 in Transmutations
  1349 | D:2      | Learned a level 4 spell: Ice Form
  1537 | D:3      | Reached XP level 5. HP: 34/34 MP: 3/8
  1540 | D:3      | Found a bloodstained altar of Trog.
  2328 | D:4      | Noticed Blork the orc
  2459 | D:4      | Noticed a phantom
  2482 | D:4      | Killed a phantom
  2483 | D:4      | Reached XP level 6. HP: 31/39 MP: 2/10
  2663 | D:4      | Killed Blork the orc
  2664 | D:4      | Reached skill level 4 in Transmutations
  3032 | D:4      | Reached XP level 7. HP: 45/45 MP: 6/11
  3279 | D:4      | Found a broken altar of Ashenzari.
  3279 | D:4      | Found an ornate altar of the Wu Jian Council.
  3280 | D:4      | Found a shimmering altar of Xom.
  3580 | D:5      | Entered Level 5 of the Dungeon
  3674 | D:5      | Reached skill level 5 in Transmutations
  3674 | D:5      | Reached XP level 8. HP: 52/52 MP: 9/13
  3795 | D:5      | Found a glowing golden altar of the Shining One.
  3817 | D:5      | You fall into a shaft and drop 2 floors!
  3865 | D:7      | Found a glowing silver altar of Zin.
  3876 | D:7      | Killed from afar by a steam dragon

Illustrated notes

Levels and vault maps discovered:
D:1:      zelgadis_glass_arrival_small, layout_basic, minmay_pentomino_x4
D:2:      cheibrodos_helix_gallery, layout_rooms
D:3:      layout_basic, trog_antimagical
D:4:      layout_basic, gammafunk_temple_overflow_claw, minmay_quadrilaterals,
          uniq_blork_the_orc
D:5:      minmay_clustersquares, layout_basic, tso_oasis_becter,
          nicolae_hepliaklqana_hazy_memory, serial_park_tiny_1,
          minmay_misc_feat_secret_circle, kennysheep_decorative_pillar,
          kennysheep_pointless_box, chequers_serial_rivers_micro_c
D:7:      layout_cave_pods, nicolae_ru_great_annihilating_truth,
          mainiacjoe_overflow_surrounded_room, item_on_display_a,
          uniq_prince_ribbit1

Skill      XL: |  1  2  3  4  5  6  7  8 |
---------------+-------------------------+-----
Ice Magic      | 1 2 3 |  3.2
Transmutations | 3 4 5 |  5.2
Fighting       | 2 3 |  3.4
Dodging        | 3 4 |  4.0
Spellcasting   | 3 |  3.6
Unarmed Combat | 4 |  4.4

Action                   |  1- 3 |  4- 6 |  7- 9 || total
-------------------------+-------+-------+-------++-------
Melee: Unarmed           |    60 |   137 |    54 ||   251
       Constrict         |    21 |    18 |       ||    39
       Kick              |    15 |    12 |       ||    27
       Punch             |     1 |     2 |       ||     3
       Tentacles         |    10 |    15 |       ||    25
 Cast: Beastly Appendage |    14 |    13 |       ||    27
       Wereblood         |    11 |    13 |     3 ||    27
       Ice Form          |       |     8 |     6 ||    14
  Use: Scroll            |     5 |     5 |     6 ||    16
       Potion            |       |     2 |       ||     2
 Stab: Sleeping          |       |     1 |       ||     1
Armor: Skin              |     2 |    49 |    21 ||    72
Dodge: Dodged            |    37 |    74 |    22 ||   133

Table legend: (Time is in decaauts)
 A = Elapsed time spent in this place.
 B = Non-inter-level travel time spent in this place.
 C = Inter-level travel time spent in this place.
 D = Time resting spent in this place.
 E = Time spent auto-exploring this place.
 F = Levels seen in this place.
 G = Mean time per level.
                   A        B        C        D        E       F      G
               +--------+--------+--------+--------+--------+-----+--------+
         Total |   3869 |   3736 |    133 |     27 |   2952 |   6 |  644.8 |
       Dungeon |   3869 |   3736 |    133 |     27 |   2952 |   6 |  644.8 |
               +--------+--------+--------+--------+--------+-----+--------+

Top non-repeatable levels by time:
     D:4: 1207 daAuts
     D:3: 996 daAuts
     D:1: 745 daAuts
     D:2: 627 daAuts
     D:5: 235 daAuts
     D:7: 57 daAuts
